 Dungeon Crawl Stone Soup version 0.31-a0-728-g01b46875f1 (webtiles) character file.

Game seed: 17136723915104102612

35 subawu the Grave Robber (level 3, 0/24 HPs)
             Began as a Demonspawn Necromancer on Sept 8, 2023.
             Slain by a kobold
             ... wielding a +0 short sword
              (2 damage)
             ... on level 2 of the Dungeon on Sept 11, 2023.
             The game lasted 00:05:34 (1513 turns).

subawu the Grave Robber (Demonspawn Necromancer)    Turns: 1513, Time: 00:05:35

Health: 0/24       AC:  5    Str: 10    XL:     3   Next: 16%
Magic:  0/6        EV: 11    Int: 16    God:
Gold:   83         SH:  0    Dex: 13    Spells: 5/6 levels left

rFire   . . .        c - +0 short sword
rCold   . . .        (no shield)
rNeg    . . .        l - +0 leather armour
rPois   .            (no helmet)
rElec   .            (no cloak)
rCorr   .            (no gloves)
SInv    .            (no boots)
Will    .....        (no amulet)
Stlth   ++           (no ring)
HPRegen 0.24/turn    (no ring)
MPRegen 0.10/turn

%: no passive effects
@: very slightly contaminated
A: yellow scales 1
a: no special abilities


You were on level 2 of the Dungeon.
You visited 1 branch of the dungeon, and saw 2 of its levels.

You collected 83 gold pieces.

Inventory:

Hand Weapons
 c - a +0 short sword (weapon)
 j - a +0 war axe
Missiles
 i - 19 stones
 k - 2 silver javelins
Armour
 a - a +0 robe
 g - a +0 robe
 l - a +0 leather armour (worn)
 m - a +0 barding
Talismans
 h - a beast talisman
Scrolls
 d - a scroll of revelation {unknown}
 e - 3 scrolls of amnesia {unknown}
 f - a scroll of identify {unknown}
 n - a scroll of teleportation {unknown}
Potions
 b - a potion of magic


   Skills:
 + Level 0.2 Short Blades
 + Level 0.5 Armour
 + Level 2.0 Dodging
 + Level 1.9 Stealth
 + Level 2.3 Spellcasting
 + Level 5.0 Necromancy


You had 5 spell levels left.
You knew the following spells:

 Your Spells              Type           Power      Damage    Failure   Level
a - Necrotise             Necr           68%        1d7       3%          1

Your spell library contained the following spells:

 Spells                   Type           Power      Damage    Failure   Level
 Vampiric Draining        Necr           17%        2d7       11%         3
 Animate Dead             Necr           17%        N/A       34%         4
 Agony                    Necr           17%        N/A       69%         5


Dungeon Overview and Level Annotations

Branches:
Dungeon (2/15)

Altars:

Annotations:
D:2 Robin


Innate Abilities, Weirdness & Mutations

You are partially covered in yellow scales. (AC +2)


Message History

* * * LOW HITPOINT WARNING * * *
Casting: Necrotise (safe; 3% risk of failure)
Confirm with . or Enter, or press ? or * to list all spells.
Aiming: Necrotise (safe; 3% risk of failure)
Press: ? - help, Shift-Dir - straight line, f/p - adder
Aim: an adder (almost dead, chance to affect: 81%)
The kobold writhes in agony.
You feel sick.
The kobold hits you with a +0 short sword.
* * * LOW HITPOINT WARNING * * *
Casting: Necrotise (safe; 3% risk of failure)
Confirm with . or Enter, or press ? or * to list all spells.
Aiming: Necrotise (safe; 3% risk of failure)
Press: ? - help, Shift-Dir - straight line, f/p - adder
Aim: an adder (almost dead, chance to affect: 81%)
The kobold writhes in agony.
You kill the kobold!
The dead are walking!
You feel sick.
You are no longer poisoned.
The kobold hits you with a +0 short sword.
* * * LOW HITPOINT WARNING * * *
Casting: Necrotise (safe; 3% risk of failure)
Confirm with . or Enter, or press ? or * to list all spells.
Aiming: Necrotise (safe; 3% risk of failure)
Press: ? - help, Shift-Dir - straight line, f/p - adder
Aim: an adder (almost dead, chance to affect: 81%)
The adder writhes in agony.
The adder barely misses you.
The kobold hits you with a +0 short sword.
* * * LOW HITPOINT WARNING * * *
You closely miss the adder.
The adder is almost dead.
The adder closely misses you. The kobold hits you but does no damage.
The adder closely misses you.
Casting: Necrotise (safe; 3% risk of failure)
Confirm with . or Enter, or press ? or * to list all spells.
You don't have enough magic to cast this spell.
Unknown command.
You barely miss the adder.
The adder is almost dead.
The kobold hits you with a +0 short sword.
You die...

..# #............... . ##
#.# ###.#####.......
....###.######.# #.)...##
...............# ##.####
.#.##.###.####.######.#####
.#.##.###.####.............
................#####.#####
.#.#.##.###.##..# #.#
#.......S@.....# #.#
#.#.#.##K#Z##.## #.#
#..w..w..##.# #.#
...?..#.#... #.#
#.#......#.##.. ..# .. ....
#...# # . .##.# #.#.# r. ..
..#..


You could see a worm, an adder, a kobold (ally target) and a friendly kobold
skeleton.

Vanquished Creatures
  2 dart slugs (D:1)
  2 endoplasms
  7 goblins (D:2)
  A hobgoblin (D:1)
  3 kobolds
  A quokka (D:1)
  3 ball pythons
  5 bats
  2 frilled lizards
  2 rats
28 creatures vanquished.

Vanquished Creatures (collateral kills)
  A goblin (D:2)
1 creature vanquished.

Grand Total: 29 creatures vanquished

Notes
Turn   | Place    | Note
-------+----------+-------------------------------------------
     0 | D:1      | subawu the Demonspawn Necromancer began the quest for the
                  | Orb.
     0 | D:1      | Reached XP level 1. HP: 13/13 MP: 3/3
     0 | D:1      | Upgraded the game from 0.31-a0-702-gf82c85558f to
                  | 0.31-a0-728-g01b46875f1
   142 | D:1      | Gained mutation: You are partially covered in yellow
                  | scales. (AC +2) [demonic ancestry]
   142 | D:1      | Reached XP level 2. HP: 4/19 MP: 0/5
  1131 | D:2      | Noticed Robin
  1138 | D:2      | Reached skill level 5 in Necromancy
  1320 | D:2      | Reached XP level 3. HP: 24/24 MP: 3/6
  1511 | D:2      | HP: 1/24 [kobold/+0 short sword (2)]
  1513 | D:2      | Slain by a kobold

Illustrated notes

Levels and vault maps discovered:
D:1:      shiori_arrival_maze, layout_basic
D:2:      layout_loops_ring, minmay_diced_spiral, uniq_robin

Skill      XL: |  1  2 |
---------------+-------+-----
Necromancy     | 5 |  5.0
Dodging        | 2 |  2.0
Short Blades   | |  0.2
Armour         | |  0.5
Stealth        | |  1.9
Spellcasting   | |  2.3

Action                     || total
---------------------------++-------
  Melee: Short sword       ||    34
   Cast: Necrotise         ||    32
   Stab: Sleeping          ||     1
 Armour: Robe              ||    19
         Leather armour    ||    26
  Dodge: Dodged            ||    37

Table legend: (Time is in decaauts)
 A = Elapsed time spent in this place.
 B = Non-inter-level travel time spent in this place.
 C = Inter-level travel time spent in this place.
 D = Time resting spent in this place.
 E = Time spent auto-exploring this place.
 F = Levels seen in this place.
 G = Mean time per level.
                   A        B        C        D        E       F      G
               +--------+--------+--------+--------+--------+-----+--------+
         Total |   1512 |   1407 |    105 |      0 |    948 |   2 |  756.0 |
       Dungeon |   1512 |   1407 |    105 |      0 |    948 |   2 |  756.0 |
               +--------+--------+--------+--------+--------+-----+--------+

Top non-repeatable levels by time:
     D:1: 1133 daAuts
     D:2: 379 daAuts
